 Dungeon Crawl Stone Soup version 0.29-a0-857-g9b1aa3ac5b (webtiles) character file.

Game seed: 4808902139100236726

60 xian the Sneak (level 3, 0/18 HPs)
             Began as a Spriggan Brigand on July 16, 2022.
             Slain by a hobgoblin (4 damage)
             ... led by Robin
             ... on level 2 of the Dungeon.
             The game lasted 00:06:40 (2216 turns).

xian the Sneak (Spriggan Brigand)                   Turns: 2216, Time: 00:06:40

Health: 0/18       AC:  3    Str:  7    XL:     3   Next: 82%
Magic:  4/4        EV: 16    Int: 12    God:
Gold:   117        SH:  0    Dex: 18    Spells: 2/2 levels left

rFire   . . .      SeeInvis +   a - +2 dagger
rCold   . . .      Faith    .   (no shield)
rNeg    . . .      Spirit   .   b - +0 robe
rPois   .          Reflect  .   (helmet restricted)
rElec   .          Harm     .   c - +0 cloak
rCorr   .          Rampage  .   (gloves unavailable)
Will    .....                   (boots unavailable)
Stlth   ++++......              (no amulet)
HPRegen 0.06/turn               (no ring)
MPRegen 0.09/turn               (no ring)

@: very quick
A: very small, no large weapons, unfitting armour, see invisible, speed 3
a: no special abilities


You were on level 2 of the Dungeon.
You visited 1 branch of the dungeon, and saw 2 of its levels.

You collected 117 gold pieces.

Inventory:

Hand Weapons
 a - a +2 dagger (weapon)
Missiles
 d - a poisoned dart
 e - 2 curare-tipped darts (quivered)
Armour
 b - a +0 robe (worn)
 c - a +0 cloak (worn)
Scrolls
 f - a scroll of vulnerability
Potions
 g - a potion of lignification
 h - a potion of flight
 i - 2 potions of haste


   Skills:
 + Level 1.8 Fighting
 + Level 2.9 Short Blades
 + Level 2.8 Throwing
 + Level 1.5 Dodging
 + Level 6.8 Stealth


You had 2 spell levels left.
You didn't know any spells.
Your spell library was empty.

Dungeon Overview and Level Annotations

Branches:
Dungeon (2/15)

Altars:


Innate Abilities, Weirdness & Mutations

You are very small and have problems with some larger weapons.
You are too small for most types of armour.
You have supernaturally acute eyesight. (SInv)
You cover ground extremely quickly. (Speed+++)


Message History

The goblin hits you with a +0 club.
The goblin shoots a sling bullet.
The sling bullet barely misses you.
Robin zaps a wand.
You resist with some effort.
You hit Robin.
Robin is severely wounded.
The hobgoblin barely misses you. The goblin barely misses you.
The goblin closely misses you.
You hit Robin but do no damage.
Robin is severely wounded.
The goblin completely misses you. The hobgoblin misses you.
The goblin barely misses you.
The goblin shoots a sling bullet.
The sling bullet hits you but does no damage.
Robin throws the goblin at you!
You hit Robin.
Robin is almost dead.
The hobgoblin hits you. The goblin barely misses you. The goblin misses you.
You hit Robin.
You kill Robin!
The hobgoblin misses you. The goblin completely misses you.
The goblin shoots a sling bullet.
The sling bullet misses you.
Items here: ( ) / ? [[ †.
The hobgoblin hits you. The goblin hits you but does no damage.
You hit the goblin.
The goblin is heavily wounded.
The hobgoblin misses you. The goblin completely misses you. x2
Unknown command.
You hit the goblin.
You kill the goblin!
The goblin hits you with a +0 club.
* * * LOW HITPOINT WARNING * * *
The hobgoblin completely misses you.
The goblin shoots a sling bullet.
The sling bullet misses you.
Unknown command.
Items here: ( )) / ? [[ †.
Unknown command.
You hit the goblin.
The goblin is heavily wounded.
The goblin misses you. The hobgoblin hits you.
You die...

##.## # #############
##...## # #...........#
##.....### # #.#########.#
#........# ###.# #.#
##<....#.# ....# #)#
##...##.####### ....# #)#
##.###........ ....#
#(#######.# ######### ....#
## #(.g@.....#####
...#####......((gg........##
..........##.##.....##)##..#
...####.# #.# ##.#.##.#.##.#
...# #.#... ..###...#.(#.#
...####.###. .##.#.##.#.##.#
....!.....##.##.....##.##..#
.....#.................†..##
##
.....#.###.#####..####.†..#
#.


You could see a hobgoblin (strong) and 2 goblins.

Vanquished Creatures
  Robin (D:2)
  A worm (D:2)
  A dart slug (D:1)
  3 endoplasms (D:2)
  2 giant cockroaches (D:1)
  10 goblins
  5 hobgoblins
  2 jackals (D:2)
  A kobold (D:2)
  A quokka (D:1)
  4 ball pythons (D:1)
  5 bats
  2 frilled lizards (D:2)
  5 rats
43 creatures vanquished.

Notes
Turn   | Place    | Note
-------+----------+-------------------------------------------
     0 | D:1      | xian the Spriggan Brigand began the quest for the Orb.
     0 | D:1      | Reached XP level 1. HP: 10/10 MP: 2/2
    76 | D:1      | Reached skill level 6 in Stealth
   211 | D:1      | Reached XP level 2. HP: 7/14 MP: 3/3
  1402 | D:2      | Reached XP level 3. HP: 18/18 MP: 4/4
  1926 | D:2      | Noticed Robin
  2208 | D:2      | Killed Robin
  2216 | D:2      | Slain by a hobgoblin

Illustrated notes

Levels and vault maps discovered:
D:1:      saegor_arrival_simple_c, layout_loops_ring
D:2:      layout_loops_ring, minmay_ruptured, uniq_robin

Skill      XL: |  1 |
---------------+----+-----
Stealth        | 6 |  6.8
Fighting       | |  1.8
Short Blades   | |  2.9
Throwing       | |  2.8
Dodging        | |  1.5

Action                   || total
-------------------------++-------
Melee: Dagger            ||    70
       Unarmed           ||     4
Throw: Dart              ||    57
  Use: Scroll            ||     7
       Potion            ||     1
 Stab: Sleeping          ||     1
Armor: Robe              ||    15
       Skin              ||     4
Dodge: Dodged            ||    73

Table legend: (Time is in decaauts)
 A = Elapsed time spent in this place.
 B = Non-inter-level travel time spent in this place.
 C = Inter-level travel time spent in this place.
 D = Time resting spent in this place.
 E = Time spent auto-exploring this place.
 F = Levels seen in this place.
 G = Mean time per level.
                   A        B        C        D        E       F      G
               +--------+--------+--------+--------+--------+-----+--------+
         Total |   1705 |   1695 |     10 |    186 |   1089 |   2 |  852.5 |
       Dungeon |   1705 |   1695 |     10 |    186 |   1089 |   2 |  852.5 |
               +--------+--------+--------+--------+--------+-----+--------+

Top non-repeatable levels by time:
     D:2: 1056 daAuts
     D:1: 648 daAuts
